Description

/r/allthingsprotoss guide

TeamLiquid.net guide

VOD

https://www.youtube.com/watch?v=jSqkUkLqlgU#t=35m09s

Replay - A.I. 1 (Very Easy) v Gemini - Bel'Shir Vestige LE (Void)

Build Order

Get SALT Encoding   

  12  0:02  Probe (Chrono Boost)  
  13  0:13  Probe (Chrono Boost)  
  14  0:18  Pylon  
  14  0:23  Probe (Chrono Boost)  
  15  0:36  Probe (Chrono Boost)  
  15  0:38  Gateway  
  15  0:41  Assimilator  
  16  0:46  Probe (Chrono Boost)  
  17  0:51  Assimilator  
  18  0:57  Probe (Chrono Boost)  
  18  1:07  Probe (Chrono Boost)  
  18  1:11  Gateway  
  19  1:18  Probe (Chrono Boost)  
  20  1:25  Cybernetics Core  
  20  1:29  Probe (Chrono Boost)  
  21  1:34  Pylon  
  21  1:39  Probe (Chrono Boost)  
  22  1:54  Warp Gate  
  23  2:01  Stalker  
  23  2:02  Stalker  
  23  2:04  Mothership Core (Chrono Boost)  
  29  2:15  Pylon  
  30  2:33  Stalker x2  
  34  3:03  Stalker x2  
  39  3:23  Nexus  
  39  3:28  Pylon  
  39  3:37  Robotics Facility  
  39  3:57  Stalker x2  
  46  4:25  Observer  
  46  4:28  Robotics Bay  
  47  4:35  Adept x2  
  53  4:48  Warp Prism  
  53  4:50  Pylon  
  58  5:19  Disruptor  
  59  5:24  Assimilator  
  59  5:25  Sentry x2  
  59  5:26  Assimilator  
  68  5:42  Gravitic Drive  
  70  5:48  Gateway  
  71  5:57  Immortal  
  78  6:22  Twilight Council  
  80  6:37  Disruptor  
  85  6:47  Gateway  
  85  6:48  Gateway  
  85  6:50  Gateway  
  88  7:02  Stalker  
  97  7:36  Stalker  
  102  7:46  Nexus  
Spawning Tool Build Advisor. Get it on Overwolf

Go to:

Details

Become a Patron
  • Created by: Gemini_19    
  • Published on: Jan 30, 2017
  • Modified on: Feb 07, 2017
  • Patch: 3.8.0
Show
View Real Time Build Order
Export as new Build Order

Comments (0)

There are no comments. Be the first!

Create an account to comment!